 Dungeon Crawl Stone Soup version 0.22-a0-315-ge0921bb (webtiles) character file.

72 JeffiDaFish the Covered (level 4, -2/29 HPs)
             Began as a Gargoyle Fighter on Apr 2, 2018.
             Killed from afar by Natasha (5 damage)
             ... with a magic dart
             ... on level 2 of the Dungeon.
             The game lasted 00:02:29 (1386 turns).

JeffiDaFish the Covered (Gargoyle Fighter)          Turns: 1386, Time: 00:02:30

Health: -2/29      AC: 10    Str: 24 (25) XL:     4   Next: 26%
Magic:  4/4        EV:  7    Int:  6 (8)  God:
Gold:   86         SH:  9    Dex:  7 (10) Spells: 3/3 levels left

rFire    . . .     SeeInvis .   a - +0 flail
rCold    . . .     Gourm    .   c - +0 shield
rNeg     + . .     Faith    .   b - +0 scale mail
rPois    ∞         Spirit   .   (no helmet)
rElec    +         Reflect  .   (no cloak)
rCorr    .         Harm     .   (no gloves)
MR       .....                  (no boots)
Stlth    ..........             (no amulet)
HPRegen  0.09/turn              (no ring)
MPRegen  0.09/turn              (no ring)

@: mighty, slowed, very slow
A: negative energy resistance 1, electricity resistance, unbreathing,
petrification resistance, rot immunity, AC +3
a: no special abilities


You were on level 2 of the Dungeon.
You were not hungry.

You visited 1 branch of the dungeon, and saw 2 of its levels.

You collected 86 gold pieces.

Inventory:

Hand Weapons
 a - a +0 flail (weapon)
Armour
 b - a +0 scale mail (worn)
 c - a +0 shield (worn)
Potions
 e - a potion of flight
Comestibles
 f - 2 rations
 g - 5 chunks of flesh


   Skills:
 + Level 3.8 Fighting
 + Level 2.7 Maces & Flails
 * Level 4.0 Armour
 - Level 0.1 Dodging
 * Level 4.0 Shields


You had 3 spell levels left.
You didn't know any spells.

Dungeon Overview and Level Annotations

Branches:
Dungeon (2/15)

Altars:

Annotations:
D:2 Natasha


Innate Abilities, Weirdness & Mutations

You are resistant to torment.
Your stone body is resilient. (AC +3)
You are immune to poison.
You resist negative energy. (rN+)
You are resistant to electric shocks. (rElec)
You can survive without breathing.
You are immune to petrification.
You are immune to rotting.


Message History

The crimson imp hits you but does no damage.
You block the shadow imp's attack. Natasha claws you.
* * * LOW HITPOINT WARNING * * *
You feel very mighty all of a sudden. The shadow imp barely misses you.
The crimson imp hits you but does no damage.
You block Natasha's attack.
You barely miss Natasha.
Natasha is severely wounded.
The shadow imp hits you but does no damage.
The crimson imp hits you but does no damage.
You block Natasha's attack.
The crimson imp blinks!
The shadow imp barely misses you. Natasha claws you.
* * * LOW HITPOINT WARNING * * *
You closely miss Natasha.
Natasha is severely wounded.
You block the shadow imp's attack. You block the crimson imp's attack.
Natasha casts a spell at you. The magic dart hits you!
You die...

.... ..# ... #.# #
#.. #.#### #.##..
.....# ##.....
#.##.#
...#...###.##.#
#....5.##.##.#
#....h@..)##.#####
......5####.......#
#####.# #.#####.#
#. #.# #.# # #.#
#.##### #.# #.....#
#.#####.###.#
#.......# #.#
####...####.##


You could see Natasha, a crimson imp and a shadow imp.

Vanquished Creatures
  Natasha (D:2)
  A worm (D:2)
  A dart slug (D:1)
  3 leopard geckos
  2 giant cockroaches (D:1)
  5 hobgoblins
  2 quokkas (D:2)
  2 bats (D:1)
  A frilled lizard (D:1)
  2 goblins
  14 kobolds
  3 rats (D:1)
37 creatures vanquished.

Notes
Turn   | Place    | Note
-------+----------+-------------------------------------------
     0 | D:1      | JeffiDaFish the Gargoyle Fighter began the quest for the Orb.
     0 | D:1      | Reached XP level 1. HP: 14/14 MP: 1/1
   105 | D:1      | Reached XP level 2. HP: 7/19 MP: 2/2
   757 | D:1      | Reached XP level 3. HP: 23/23 MP: 3/3
  1360 | D:2      | Noticed Natasha
  1367 | D:2      | Killed Natasha
  1367 | D:2      | Reached XP level 4. HP: 14/29 MP: 4/4
  1375 | D:2      | Noticed Natasha
  1386 | D:2      | Killed from afar by Natasha

Vault maps used:
D:1:      dpeg_arrival_signposts, serial_park_tiny_2
D:2:      uniq_natasha

Skill      XL: |  1  2  3 |
---------------+----------+-----
Armour         | 4 |  4.0
Shields        | 4 |  4.0
Fighting       | |  3.8
Maces & Flails | |  2.7
Dodging        | |  0.1

Action                   |  1- 3 |  4- 6 || total
-------------------------+-------+-------++-------
Melee: Flail             |   148 |     8 ||   156
  Use: Scroll            |     6 |       ||     6
       Potion            |     1 |     1 ||     2
  Eat: Chunk             |     2 |       ||     2
Armor: Scale mail        |   110 |     7 ||   117
Dodge: Dodged            |    53 |     5 ||    58
Block: Shield            |   102 |     8 ||   110

Table legend:
 A = Spawn XP
 B = Non-spawn XP
 C = Spawn XP percentage of total XP
 D = Spawn monster count
 E = Non-spawn monster count
 F = Spawn count percentage of total count
 G = Total turns spent on level
                    A         B        C        D         E        F      G
               +---------+---------+-------+---------+---------+-------+---------
         Total |       0 |     104 |   0.0 |       0 |      37 |   0.0 |  1386
               +---------+---------+-------+---------+---------+-------+---------
           D:1 |       0 |      42 |   0.0 |       0 |      24 |   0.0 |  1029
           D:2 |       0 |      62 |   0.0 |       0 |      13 |   0.0 |   357
               +---------+---------+-------+---------+---------+-------+---------
